 Dungeon Crawl Stone Soup version 0.29.1-2-gbd0b4ee654 (webtiles) character file.

Game seed: 17476243145223990220

2713 mcbry74 the Cleaver (level 9, -3/81 HPs)
             Began as a Minotaur Berserker on Oct 13, 2022.
             Was an Elder of Trog.
             Slain by an orc warrior
             ... wielding a +0 trident
              (12 damage)
             ... on level 6 of the Dungeon on Oct 24, 2022.
             The game lasted 00:24:27 (8635 turns).

mcbry74 the Cleaver (Minotaur Berserker)            Turns: 8635, Time: 00:24:28

Health: -3/81      AC: 15    Str: 24    XL:     9   Next: 39%
Magic:  8/8        EV:  9    Int:  6    God:    Trog [****..]
Gold:   363        SH:  0    Dex: 10    Spells: 8/8 levels left

rFire   + . .      SeeInvis .   a - +1 war axe
rCold   . . .      Faith    .   (no shield)
rNeg    . . .      Spirit   .   s - +1 plate armour
rPois   .          Reflect  .   (helmet restricted)
rElec   .          Harm     .   d - +0 cloak
rCorr   .          Rampage  .   (no gloves)
Will    .....                   (no boots)
Stlth   ..........              (no amulet)
HPRegen 0.23/turn               z - ring of protection from fire
MPRegen 0.11/turn               (no ring)

@: no status effects
A: horns 2, retaliatory headbutt
a: Renounce Religion, Berserk, Trog's Hand, Brothers in Arms


You were on level 6 of the Dungeon.
You worshipped Trog.
Trog was greatly pleased with you.
You visited 1 branch of the dungeon, and saw 7 of its levels.
You also visited: Sewer.

You collected 363 gold pieces.

Inventory:

Hand Weapons
 a - a +1 war axe (weapon)
 b - a +0 sling
 i - a +2 flail of draining
 v - a +0 hand axe
 y - a +0 shortbow
 A - a +2 spear of venom
Missiles
 m - 4 boomerangs
 r - 4 poisoned darts
Armour
 d - a +0 cloak (worn)
 p - a +0 chain mail
 s - a +1 plate armour (worn)
Jewellery
 g - a ring of ice
 z - a ring of protection from fire (left hand)
Wands
 x - a wand of roots (16)
Scrolls
 c - a scroll of noise
 f - a scroll of fog
 j - a scroll of immolation
 l - 2 scrolls of identify
 n - 3 scrolls of blinking
Potions
 h - a potion of ambrosia {unknown}
 k - 2 potions of mutation {unknown}
 o - 3 potions of heal wounds {unknown}
 q - 2 potions of curing {unknown}
 t - a potion of attraction {unknown}
 u - 3 potions of lignification {unknown}
 w - a potion of berserk rage {unknown}
 B - a potion of cancellation {unknown}


   Skills:
 + Level 7.8 Fighting
 * Level 10.4 Axes
 + Level 7.3 Armour
 + Level 6.7 Dodging


You had 8 spell levels left.
You didn't know any spells.
Your spell library contained the following spells:

 Spells                   Type           Power      Damage    Failure   Level
 Apportation              Tloc           0%         N/A       100%        1
 Beastly Appendage        Tmut           0%         N/A       100%        1
 Necrotise                Necr           0%         1d4       100%        1
 Summon Small Mammal      Summ           0%         N/A       100%        1
 Wereblood                Tmut           0%         N/A       100%        2
 Portal Projectile        Hex/Tloc       0%         N/A       100%        3
 Spider Form              Tmut/Pois      0%         N/A       100%        3
 Tukima's Dance           Hex            0%         N/A       100%        3
 Vampiric Draining        Necr           0%         2d6       100%        3
 Agony                    Necr           0%         N/A       100%        5
 Alistair's Intoxication  Tmut/Pois      0%         N/A       100%        5
 Blade Hands              Tmut           0%         N/A       100%        5
 Borgnjor's Vile Clutch   Necr/Erth      0%         N/A       100%        5
 Eringya's Noxious Bog    Tmut/Pois      0%         N/A       100%        6


Dungeon Overview and Level Annotations

Branches:
Dungeon (7/15)             Temple (0/1) D:6           Sewer (visited)

Altars:
Fedhas


Innate Abilities, Weirdness & Mutations

You have a pair of horns on your head.
You reflexively headbutt those who attack you in melee.


Message History

The orc warrior hits you from afar with a +0 trident.
Items here: )) [ †.
You slice the orc priest!!
You kill the orc priest!
Trog accepts your kill.
The orc warrior hits you from afar with a +0 trident!
You see here an iguana corpse.
There is an open door here.
There is a stone staircase leading up here.
The orc warrior hits you with a +0 trident!
There is a stone staircase leading up, spattered with blood here.
The orc warrior hits you with a +0 trident!
* * * LOW HITPOINT WARNING * * *
You climb upwards.
Reactivating autopickup.
There is a stone staircase leading down here.
You slash the orc warrior!
The orc warrior is moderately wounded.
The orc warrior hits you with a +0 trident.
* * * LOW HITPOINT WARNING * * *
You hit the orc warrior but do no damage.
The orc warrior is moderately wounded.
The orc warrior hits you with a +0 trident.
* * * LOW HITPOINT WARNING * * *
You barely miss the orc warrior.
You headbutt the orc warrior, but do no damage.
The orc warrior is moderately wounded.
The orc warrior hits you with a +0 trident!
* * * LOW HITPOINT WARNING * * *
You slash the orc warrior!
The orc warrior is heavily wounded.
The orc warrior hits you with a +0 trident.
* * * LOW HITPOINT WARNING * * *
You barely miss the orc warrior.
The orc warrior is heavily wounded.
The orc warrior hits you but does no damage.
You hit the orc warrior. You headbutt the orc warrior!
The orc warrior is almost dead.
The orc warrior hits you with a +0 trident!
You die...

#.#.................##....#..[..#
..................#.#.....#.....#
#...................#....####'###
..............#.....'...###.....#
#.............#.....#..###.)...##
.............>......#.###.....###
#...................####.....###.
...###.........o..#.###.....###..
#...###......##.@##).####'#######
......#..........#<).............
......#.......................##.
.#.>..)....<....#............#...
.#.............##..............##
##...............................
##.......)##.#..................#
##....##..####..................#
.....###..# #..................#


You could see an orc warrior.

Vanquished Creatures
  Pikel (D:5)
  An orc warrior (D:6)
  An ice beast (D:5)
  A black bear (D:6)
  2 sky beasts (D:6)
  2 centaurs (D:6)
  A lemure (D:5)
  4 phantoms
  3 bullfrogs
  A necrophage (D:5)
  A wight (D:7)
  A howler monkey (D:6)
  3 orc priests
  4 hounds
  A gnoll bouda (D:5)
  A jelly (D:5)
  Ijyb (D:4)
  Natasha (thrice) (D:2)
  10 iguanas
  2 orc wizards
  12 adders
  10 gnolls
  A river rat (D:3)
  4 white imps
  3 dart slugs
  A worm (D:2)
  18 orcs
  6 bats
  8 endoplasms
  18 giant cockroaches
  3 goblins
  5 hobgoblins
  5 jackals
  6 kobolds
  7 quokkas
  11 ball pythons
  10 frilled lizards
  5 rats
177 creatures vanquished.

Vanquished Creatures (others)
  2 fungi (D:3)
  13 plants (D:3)
15 creatures vanquished.

Grand Total: 192 creatures vanquished

Notes
Turn   | Place    | Note
-------+----------+-------------------------------------------
     0 | D:1      | mcbry74 the Minotaur Berserker began the quest for the Orb.
     0 | D:1      | Reached XP level 1. HP: 19/19 MP: 0/0
    63 | D:1      | Upgraded the game from 0.29.1-1-gd02db6906a to
                  | 0.29.1-2-gbd0b4ee654
    86 | D:1      | Reached XP level 2. HP: 8/27 MP: 1/1
    88 | D:1      | Reached skill level 4 in Axes
  1026 | D:2      | Noticed Natasha
  1032 | D:2      | Killed Natasha
  1033 | D:2      | Reached XP level 3. HP: 18/33 MP: 2/2
  1169 | D:2      | Reached ** piety under Trog
  1264 | D:2      | Noticed Natasha
  1270 | D:2      | Killed Natasha
  1271 | D:2      | Reached XP level 4. HP: 40/40 MP: 3/3
  1416 | D:2      | Noticed Natasha
  1553 | D:2      | Killed Natasha
  1554 | D:2      | Reached skill level 5 in Axes
  1856 | D:2      | Reached XP level 5. HP: 47/47 MP: 4/4
  2551 | D:3      | Found a blossoming altar of Fedhas.
  2650 | D:3      | Reached *** piety under Trog
  2651 | D:3      | Found a glowing drain.
  2657 | Sewer    | Entered a sewer
  3103 | Sewer    | Reached XP level 6. HP: 45/55 MP: 5/5
  3121 | Sewer    | Reached skill level 5 in Fighting
  3121 | Sewer    | Reached skill level 6 in Axes
  3756 | D:3      | Found a faded altar of an unknown god.
  4538 | D:4      | Reached XP level 7. HP: 61/61 MP: 6/6
  4724 | D:4      | Reached **** piety under Trog
  4804 | D:4      | Noticed Ijyb
  4829 | D:4      | Killed Ijyb
  5091 | D:5      | Entered Level 5 of the Dungeon
  5095 | D:5      | Reached skill level 7 in Axes
  5095 | D:5      | Reached skill level 5 in Armour
  5903 | D:5      | Reached skill level 5 in Dodging
  5904 | D:5      | Reached XP level 8. HP: 37/70 MP: 7/7
  6118 | D:5      | Noticed Pikel
  6146 | D:5      | Killed Pikel
  6147 | D:5      | Reached skill level 8 in Axes
  6731 | D:5      | Reached skill level 9 in Axes
  7739 | D:6      | Reached XP level 9. HP: 79/79 MP: 8/8
  8027 | D:6      | Found a staircase to the Ecumenical Temple.
  8083 | D:6      | Reached skill level 10 in Axes
  8635 | D:6      | Slain by an orc warrior

Illustrated notes

Levels and vault maps discovered:
D:1:      ncdulo_smallfort, layout_basic, minivault_23,
          chequers_serial_rivers_large_b
D:2:      layout_basic, minmay_misc_feat_plants, uniq_natasha
D:3:      layout_basic, old_standard_altar, gup_sewer_entry_bubbles,
          shapermc_ecumenical_altar_mp_ritualfount
D:4:      layout_basic, uniq_ijyb
D:5:      layout_basic, uniq_pikel
D:6:      layout_cave_pools, minmay_temple_entry_glass, minmay_quadrilaterals
D:7:      old_forge, layout_loops_corners, ashenzari_conservatory_becter

Skill      XL: |  1  2  3  4  5  6  7  8  9 |
---------------+----------------------------+-----
Axes           | 4 5 6 7 9 10 | 10.4
Fighting       | 4 5 6 7 |  7.8
Armour         | 3 4 5 6 7 |  7.3
Dodging        | 3 4 5 6 |  6.7

Action                   |  1- 3 |  4- 6 |  7- 9 || total
-------------------------+-------+-------+-------++-------
Melee: Hand axe          |    48 |   218 |       ||   266
       Headbutt          |     8 |    17 |    43 ||    68
       Punch             |       |     1 |     2 ||     3
       War axe           |       |    25 |   228 ||   253
 Fire: Sling             |    26 |    59 |     1 ||    86
  Use: Scroll            |       |     3 |     5 ||     8
Armor: Animal skin       |     6 |     8 |       ||    14
       Chain mail        |       |    92 |       ||    92
       Plate armour      |       |    48 |   146 ||   194
Dodge: Dodged            |    29 |   105 |   116 ||   250
